Map: 엔디온 잔해

Players

llllllllllll (Scarlett) - Winner!

  • Race: Zerg Zerg
  • League: Grandmaster

IIIIIIIIIIll

  • Race: Zerg Zerg
  • League: Grandmaster

VOD

Have the link to the VOD?

Description

Time

  • Played on: April 13, 2016, 1:43 a.m.
  • Length: 8:58
Show
View Real Time Build Order
Export as new Build Order

llllllllllll Zerg - Winner!

Build Orders: Pool First, Lurkers 

Get SALT Encoding   

  12  0:00  Drone  
  13  0:08  Drone  
  14  0:18  Overlord  
  14  0:22  Extractor  
  14  0:24  Drone  
  15  0:37  Drone x2  
  17  0:45  Spawning Pool  
  17  0:49  Drone  
  17  0:51  Extractor  
  16  0:58  Drone  
  17  1:06  Drone  
  18  1:17  Hatchery  
  17  1:32  Zergling x4  
  19  1:36  Queen  
  19  1:38  Zergling x2  
  22  1:48  Overlord  
  22  2:06  Drone  
  23  2:12  Drone, Queen  
  26  2:24  Drone  
  28  2:30  Drone  
  28  2:31  Drone  
  29  2:45  Drone, Hatchery  
  29  2:47  Drone  
  29  2:50  Drone x2  
  32  3:01  Lair  
  32  3:02  Drone x2  
  32  3:05  Overlord  
  34  3:12  Overlord  
  34  3:13  Drone  
  34  3:15  Drone  
  36  3:23  Drone, Extractor  
  36  3:24  Drone x2  
  38  3:35  Drone x2  
  38  3:36  Drone x3  
  43  3:42  Drone  
  43  3:47  Drone x4  
  48  3:52  Queen  
  48  3:54  Drone  
  52  3:55  Drone  
  52  4:04  Spire  
  52  4:08  Drone  
  52  4:09  Overseer  
  53  4:10  Drone x2  
  53  4:12  Extractor  
  53  4:14  Overlord  
  53  4:16  Extractor  
  52  4:17  Drone  
  52  4:18  Drone  
  52  4:20  Drone x2  
  52  4:23  Drone x2  
  58  4:30  Overlord x2  
  58  4:34  Drone x2  
  60  4:40  Drone x2  
  60  4:44  Drone, Overlord  
  63  4:50  Overlord  
  63  4:51  Drone  
  63  4:52  Drone  
  65  4:58  Overlord  
  65  5:01  Overlord  
  65  5:02  Drone x4  
  65  5:03  Drone  
  65  5:05  Drone x2  
  72  5:10  Extractor  
  72  5:11  Hydralisk Den  
  70  5:15  Mutalisk x3  
  70  5:16  Mutalisk  
  70  5:21  Mutalisk  
  78  5:26  Zerg Flyer Weapons Level 1  
  80  5:29  Drone x6  
  80  5:30  Drone  
  80  5:32  Extractor  
  80  5:34  Evolution Chamber  
  80  5:35  Mutalisk  
  85  5:42  Mutalisk  
  89  5:54  Overlord x2, Lurker Den  
  89  5:55  Overlord  
  89  6:01  Mutalisk  
  91  6:04  Mutalisk  
  91  6:10  Drone x3  
  91  6:11  Drone x2  
  98  6:13  Drone x2  
  98  6:14  Overlord x2  
  98  6:15  Zerg Missile Weapons Level 1  
  98  6:16  Overseer  
  100  6:20  Overlord  
  100  6:21  Zergling x4  
  100  6:23  Hydralisk  
  100  6:24  Hydralisk x2  
  108  6:29  Hydralisk x2  
  112  6:38  Hydralisk  
  112  6:39  Hydralisk x2  
  118  6:46  Hatchery  
  117  6:47  Hydralisk x2  
  117  6:50  Hydralisk  
  117  6:51  Hydralisk  
  125  7:00  Overlord x2  
  125  7:01  Overlord x3  
  125  7:02  Hydralisk x2  
  125  7:06  Metabolic Boost  
  129  7:10  Hydralisk x2  
  129  7:11  Extractor  
  129  7:14  Extractor  
  131  7:24  Lurker  
  131  7:26  Zergling x10  
  131  7:28  Zergling x8  
  131  7:29  Lurker  
  143  7:30  Lurker  
  143  7:35  Lurker  
  144  7:48  Lurker x2  
  146  7:59  Lurker x2  
  146  8:05  Evolution Chamber  
  147  8:16  Lurker x3  
  147  8:18  Zergling x42  
Show
View Real Time Build Order
Export as new Build Order

IIIIIIIIIIll Zerg 

Build Orders: Hatch First, Lurkers 

Get SALT Encoding   

  12  0:01  Drone  
  13  0:09  Drone  
  14  0:18  Overlord  
  14  0:36  Drone  
  14  0:37  Drone x2  
  17  0:53  Hatchery  
  16  0:57  Drone  
  16  1:00  Drone  
  18  1:15  Spawning Pool  
  18  1:18  Drone  
  18  1:22  Drone  
  19  1:31  Drone  
  20  1:41  Overlord  
  20  2:01  Queen  
  20  2:04  Zergling x4  
  20  2:05  Queen  
  20  2:06  Zergling x2  
  27  2:15  Zergling x2  
  28  2:24  Hatchery  
  28  2:28  Drone x3  
  30  2:37  Queen  
  30  2:43  Drone x2  
  34  2:46  Drone  
  34  2:49  Drone  
  36  3:02  Drone  
  36  3:09  Overlord  
  36  3:10  Overlord  
  36  3:11  Extractor x2  
  34  3:13  Drone  
  34  3:18  Extractor  
  34  3:20  Overlord  
  34  3:22  Drone  
  34  3:26  Drone  
  36  3:28  Overlord  
  36  3:30  Drone x2  
  38  3:35  Roach Warren  
  38  3:36  Drone x2  
  38  3:41  Drone  
  40  3:45  Drone x2  
  40  3:47  Drone x2  
  44  3:49  Drone  
  44  3:52  Drone  
  44  3:54  Drone  
  47  3:59  Drone x2  
  49  4:05  Lair  
  49  4:07  Drone  
  50  4:11  Drone x2  
  50  4:13  Drone  
  50  4:14  Drone  
  54  4:18  Overlord  
  54  4:21  Drone x2  
  56  4:27  Drone x2  
  56  4:29  Evolution Chamber  
  57  4:31  Drone x3  
  57  4:33  Drone  
  57  4:35  Drone  
  57  4:36  Drone  
  57  4:37  Drone  
  64  4:39  Drone  
  64  4:41  Drone x2  
  64  4:45  Roach x2  
  71  4:53  Drone x6  
  71  4:54  Extractor  
  71  4:56  Drone x2, Extractor  
  71  4:57  Extractor  
  76  5:01  Zerg Missile Weapons Level 1  
  76  5:02  Drone  
  76  5:04  Overlord  
  76  5:06  Drone x3  
  80  5:08  Overseer  
  80  5:10  Drone  
  81  5:15  Drone, Hydralisk Den  
  81  5:20  Drone, Spore Crawler  
  81  5:21  Drone  
  82  5:23  Overlord, Spore Crawler  
  81  5:31  Overlord  
  81  5:33  Roach x4  
  89  5:44  Spore Crawler  
  89  5:46  Spore Crawler  
  89  5:47  Spore Crawler  
  89  5:48  Spore Crawler  
  89  5:49  Spore Crawler  
  84  5:50  Spore Crawler  
  84  5:52  Spore Crawler  
  84  5:54  Spore Crawler  
  84  5:55  Spore Crawler  
  81  5:58  Drone  
  81  5:59  Drone x2  
  81  6:00  Drone x2  
  86  6:05  Overlord x2  
  86  6:06  Hydralisk x2  
  86  6:10  Overlord  
  90  6:16  Overlord x2  
  90  6:20  Overlord x2  
  90  6:23  Overlord  
  90  6:26  Hydralisk x2  
  90  6:27  Drone  
  90  6:28  Hydralisk x2  
  90  6:31  Hydralisk  
  101  6:33  Lurker Den  
  101  6:34  Hydralisk  
  101  6:36  Hydralisk  
  101  6:39  Overlord  
  105  6:41  Hydralisk  
  105  6:43  Hydralisk  
  105  6:45  Hydralisk  
  111  6:48  Hydralisk  
  111  6:49  Hydralisk  
  115  6:54  Overlord x2  
  115  7:00  Hydralisk  
  117  7:02  Hydralisk  
  117  7:04  Hydralisk  
  117  7:06  Hydralisk  
  121  7:10  Hydralisk  
  121  7:12  Overlord  
  121  7:13  Hydralisk  
  125  7:19  Drone  
  125  7:20  Drone  
  126  7:24  Hydralisk x2  
  126  7:29  Hydralisk  
  130  7:30  Hydralisk x4  
  130  7:33  Hydralisk  
  130  7:35  Hydralisk  
  144  7:44  Hydralisk x4  
  144  7:47  Overlord  
  152  7:56  Roach x4  
  160  8:00  Roach x2  
  164  8:06  Lurker x3  
  164  8:09  Lurker x2  
  164  8:10  Roach  
  164  8:12  Roach x2  
  175  8:16  Overseer  
  175  8:17  Overseer  
  175  8:19  Roach x2  
  179  8:20  Roach x2  
  179  8:22  Roach  
  185  8:27  Overseer  
  185  8:36  Overlord x4  
  185  8:37  Overlord  
Tags
 
Add a new tag
Caveats
  • Supply blocks, unpowered buildings, or Contaminate may cause inaccurate times.
  • Supply counts are checked every 10 seconds.